 Dungeon Crawl Stone Soup version bcrawl-1.41.1 (webtiles) character file.

Game seed: 9776755009283116819

272030 Yshiel the Magician (level 9, -7/65 HPs)
             Began as a Gnoll Ice Elementalist on Apr 14, 2024.
             Was a Believer of Okawaru.
             Mangled by a crocodile (16 damage)
             ... on level 7 of the Dungeon.
             The game lasted 00:43:09 (5783 turns).

Yshiel the Magician (Gnoll Ice Elementalist)        Turns: 5783, Time: 00:43:10

Health: -7/65      AC:  6    Str: 12    XL:     9   Next: 29%
Magic:  27/27      EV: 16    Int: 18    God:    Okawaru [**....]
Gold:   347        SH:  0    Dex: 17    Spells: 15/21 levels left

rFire    + . .     GDR:     31% v - +6 flail "Pimytot" {crush, rC+}
rCold    + . .     SeeInvis .   (no shield)
rNeg     . . .     Gourm    .   y - +2 robe {rF+}
rPois    .         Faith    .   l - +1 helmet
rElec    .         Spirit   .   u - scarf {stasis}
rCorr    .         Reflect  .   (no gloves)
MR       .....                  (no boots)
Stlth    +++.......             (no amulet)
HPRegen  0.20/turn              D - ring of magical power
MPRegen  0.20/turn              (no ring)

@: lightly drained
A: distributed training, fangs 1, strong nose
a: Heroism, Renounce Religion


You were on level 7 of the Dungeon.
You worshipped Okawaru.
Okawaru was pleased with you.
You were hungry.

You visited 1 branch of the dungeon, and saw 7 of its levels.

You collected 494 gold pieces.
You spent 147 gold pieces at shops.

Inventory:

Hand Weapons
 h - a +2 mace of protection
 t - a +0 mace of protection
 v - the +6 flail "Pimytot" (weapon) {crush, rC+}
   (You found it on level 4 of the Dungeon)

   It will always inflict at least some extra damage.
   This minimum extra damage increases with your current reserve of magical
   power.
   It protects you from cold.
 A - the +4 flail of Gam Wuy {holy, *Drain rElec rC+}
   (You found it on level 5 of the Dungeon)

   It has been blessed by the Shining One to cause great damage to the undead
   and demons.
   It protects you from cold.
   It insulates you from electricity.
   It causes draining when unequipped.
Missiles
 d - 2008 stones (quivered)
 g - 666 arrows
 m - 415 bolts
Armour
 a - a +0 robe
 l - a +1 helmet (worn)
 u - a scarf of stasis (worn)
 y - a +2 robe of fire resistance (worn)
Jewellery
 f - the amulet "Ficu" {Inacc +Blink rPois Dex-2}
   (You found it on level 1 of the Dungeon)

   [amulet of inaccuracy]

   It reduces the accuracy of all your attacks.
   It affects your dexterity (-2).
   It protects you from poison.
   It lets you blink.
 D - a ring of magical power (left hand)
Wands
 c - a wand of iceblast (10)
 x - a wand of acid (8)
Scrolls
 b - 2 scrolls of teleportation {unknown}
 i - 3 scrolls of identify
 j - a scroll of enchant weapon {unknown}
 n - a scroll of fear {unknown}
 o - 6 scrolls of remove curse
 r - 3 scrolls of enchant armour
 E - a scroll of acquirement {unknown}
 F - a scroll of summoning {unknown}
Potions
 k - a potion of heal wounds
 p - 3 potions of curing {unknown}
 q - a potion of haste {unknown}
 s - 2 potions of ambrosia {unknown}
 w - a potion of agility {unknown}
 z - a potion of magic {unknown}
 B - a potion of lignification {unknown}
 C - a potion of flight {unknown}
 H - a potion of mutation {unknown}
Comestibles
 e - 7 rations {!d}


   Skills:
 + Level 4.0(3.8) Fighting
 + Level 4.0(3.8) Short Blades
 + Level 4.0(3.8) Long Blades
 + Level 4.0(3.8) Axes
 + Level 4.0(3.8) Maces & Flails
 + Level 4.0(3.8) Polearms
 + Level 4.0(3.8) Staves
 + Level 4.0(3.8) Slings
 + Level 4.0(3.8) Bows
 + Level 4.0(3.8) Crossbows
 + Level 4.0(3.8) Throwing
 + Level 4.0(3.8) Armour
 + Level 6.1(6.0) Dodging
 + Level 6.1(6.0) Stealth
 + Level 4.0(3.8) Shields
 + Level 4.0(3.8) Unarmed Combat
 + Level 6.5(6.3) Spellcasting
 + Level 4.0(3.8) Conjurations
 + Level 3.3(3.1) Hexes
 + Level 3.3(3.1) Charms
 + Level 3.3(3.1) Summonings
 + Level 3.3(3.1) Necromancy
 + Level 3.3(3.1) Translocations
 + Level 3.3(3.1) Transmutations
 + Level 3.3(3.1) Fire Magic
 + Level 6.4(6.2) Ice Magic
 + Level 3.3(3.1) Air Magic
 + Level 3.3(3.1) Earth Magic
 + Level 3.3(3.1) Poison Magic
 + Level 4.4(4.2) Invocations
 + Level 4.0(3.8) Evocations


You had 15 spell levels left.
You knew the following spells:

 Your Spells              Type           Power        Failure   Level  Hunger
a - Freeze                Ice            ####..       1%          1    None
b - Throw Frost           Conj/Ice       ###...       1%          2    None
c - Magic Dart            Conj           ###.         2%          1    None
d - Blink                 Tloc           N/A          4%          2    None

Your spell library contained the following spells:

 Spells                   Type           Power        Failure   Level  Hunger
 Beastly Appendage        Tmut           ###...       3%          1    None
 Call Imp                 Summ           ###...       4%          2    None
 Passwall                 Tmut/Erth      ###.....     4%          2    None
 Sticks to Snakes         Tmut           ###.....     4%          2    None
 Ozocubu's Armour         Chrm/Ice       ###.....     4%          3    #......
 Conjure Flame            Conj/Fire      ###.....     9%          3    #......
 Mephitic Cloud           Conj/Pois/Air  ###.....     9%          3    #......
 Spider Form              Tmut/Pois      ###          10%         3    #......
 Throw Icicle             Conj/Ice       ###.....     14%         4    ####...
 Ice Form                 Ice/Tmut       ###.....     17%         4    ####...
 Summon Ice Beast         Ice/Summ       ###.....     17%         4    ####...
 Blade Hands              Tmut           ###.......   65%         5    #####..


Dungeon Overview and Level Annotations

Branches:
Dungeon (7/12)
 Temple: D:4-7         Lair: D:7-9

Altars:
Cheibriados
Fedhas
Okawaru
Qazlal

Shops:
D:4 *}   D:6 **   D:7 (*


Innate Abilities, Weirdness & Mutations

Your experience applies equally to all skills.
You have very sharp teeth.
Your uncanny sense of smell can sniff out nearby items.


Message History

You are feeling hungry.
You closely miss the crocodile.
You bite the crocodile, but do no damage.
The sky beast misses you. The crocodile bites you!
You are dragged by the crocodile!
You sock the crocodile!
The crocodile is moderately wounded.
The orc wizard casts a spell at you.
Your stasis prevents you from being slowed.
The crocodile bites you but does no damage.
The sky beast flickers out of sight!
Deactivating autopickup; reactivate with Ctrl-A.
Something hits you. Something shocks you.
The orc wizard hits you with a +0 dagger.
You hit the crocodile.
Snnnck.
Your bite misses the crocodile.
The crocodile is severely wounded.
The crocodile bites you!
* * * LOW HITPOINT WARNING * * *
You are dragged by the crocodile!
The crocodile bites you!
You die...

####### ### ##.....##
##.. ##.......## ##...
#t........# #...<
#@%.......# #....
##.........# #...)
.#oo........# ##...
.................# ##..
.........[......#########
........................)
.(..............>########
.................# #..
%................# ###.#


You could see a crocodile, an orc wizard and an orc.

Vanquished Creatures
  A hungry ghost (D:6)
  3 ogres
  3 sky beasts
  A black bear (D:3)
  A phantom (D:6)
  3 bullfrogs
  2 centaurs
  5 wights
  An orc priest (D:4)
  A howler monkey (D:4)
  4 crimson imps
  A bullfrog zombie (D:6)
  A jelly (D:7)
  A hound (D:5)
  Jessica (D:2)
  A bullfrog skeleton (D:6)
  An orc wizard (D:6)
  6 worker ants
  A hound zombie (D:6)
  A hound skeleton (D:4)
  5 gnolls
  6 adders
  A shadow imp (D:5)
  2 oozes
  An adder zombie (D:5)
  An adder skeleton (D:5)
  4 worms
  2 dart slugs
  4 leopard geckos
  13 orcs
  5 bats
  2 giant cockroaches
  8 goblins
  12 hobgoblins
  8 jackals
  5 quokkas
  4 ball pythons
  2 frilled lizards (D:1)
  4 kobolds
  A quokka zombie (D:5)
  6 rats
135 creatures vanquished.

Notes
Turn   | Place    | Note
-------+----------+-------------------------------------------
     0 | D:1      | Yshiel the Gnoll Ice Elementalist began the quest for the
                  | Orb.
     0 | D:1      | Reached XP level 1. HP: 13/13 MP: 6/6
   133 | D:1      | Got a warped ruby amulet
   180 | D:1      | Reached XP level 2. HP: 16/19 MP: 4/7
   624 | D:2      | Found a blossoming altar of Fedhas.
   675 | D:2      | Reached XP level 3. HP: 25/25 MP: 6/9
   676 | D:2      | Noticed Jessica
   687 | D:2      | Reached skill level 5 in Spellcasting
   702 | D:2      | Killed Jessica
   703 | D:2      | Reached skill level 1 in Fighting
   703 | D:2      | Reached skill level 1 in Short Blades
   703 | D:2      | Reached skill level 1 in Long Blades
   703 | D:2      | Reached skill level 1 in Axes
   703 | D:2      | Reached skill level 1 in Maces & Flails
   703 | D:2      | Reached skill level 1 in Polearms
   703 | D:2      | Reached skill level 1 in Staves
   703 | D:2      | Reached skill level 1 in Slings
   703 | D:2      | Reached skill level 1 in Bows
   703 | D:2      | Reached skill level 1 in Crossbows
   703 | D:2      | Reached skill level 1 in Throwing
   703 | D:2      | Reached skill level 1 in Armour
   703 | D:2      | Reached skill level 1 in Shields
   703 | D:2      | Reached skill level 1 in Unarmed Combat
   703 | D:2      | Reached skill level 1 in Invocations
   703 | D:2      | Reached skill level 1 in Evocations
   703 | D:2      | Reached XP level 4. HP: 13/32 MP: 1/11
   826 | D:2      | Identified the amulet "Ficu" {Inacc +Blink rPois Dex-2}
                  | (You found it on level 1 of the Dungeon)
  1384 | D:3      | Noticed a black bear
  1389 | D:3      | Killed a black bear
  1390 | D:3      | Reached skill level 1 in Hexes
  1390 | D:3      | Reached skill level 1 in Charms
  1390 | D:3      | Reached skill level 1 in Summonings
  1390 | D:3      | Reached skill level 1 in Necromancy
  1390 | D:3      | Reached skill level 1 in Translocations
  1390 | D:3      | Reached skill level 1 in Transmutations
  1390 | D:3      | Reached skill level 1 in Fire Magic
  1390 | D:3      | Reached skill level 1 in Air Magic
  1390 | D:3      | Reached skill level 1 in Earth Magic
  1390 | D:3      | Reached skill level 1 in Poison Magic
  1390 | D:3      | Reached XP level 5. HP: 19/37 MP: 8/12
  1975 | D:3      | Reached XP level 6. HP: 44/44 MP: 13/13
  2182 | D:3      | Learned a level 2 spell: Throw Frost
  2184 | D:3      | Learned a level 1 spell: Magic Dart
  2187 | D:3      | Learned a level 2 spell: Blink
  2287 | D:4      | Found Dirph's Gadget Emporium.
  2361 | D:4      | Got a shimmering flail
  2362 | D:4      | Identified the +6 flail "Pimytot" {crush, rC+} (You found
                  | it on level 4 of the Dungeon)
  2504 | D:4      | Found an iron altar of Okawaru.
  2536 | D:4      | Reached skill level 5 in Dodging
  2536 | D:4      | Reached skill level 5 in Stealth
  2570 | D:4      | Became a worshipper of Warmaster Okawaru
  2734 | D:4      | Found Ruats's General Store.
  2742 | D:4      | Bought a scroll of remove curse for 42 gold pieces
  2742 | D:4      | Bought a scroll of enchant armour for 105 gold pieces
  2763 | D:4      | Found a snail-covered altar of Cheibriados.
  2896 | D:4      | Reached XP level 7. HP: 48/50 MP: 15/15
  3239 | D:5      | Entered Level 5 of the Dungeon
  3250 | D:5      | Got an iridescent flail
  3267 | D:5      | Identified the +4 flail of Gam Wuy {holy, *Drain rElec rC+}
                  | (You found it on level 5 of the Dungeon)
  3921 | D:5      | Reached * piety under Okawaru
  4045 | D:5      | Reached XP level 8. HP: 57/57 MP: 16/16
  4650 | D:6      | Found an iron altar of Okawaru.
  4782 | D:6      | Found Ceufiq's Assorted Antiques.
  4789 | D:6      | Reached ** piety under Okawaru
  4967 | D:6      | Found Leimelah's Lightly-Used Armoury.
  5159 | D:6      | Reached XP level 9. HP: 32/65 MP: 18/18
  5253 | D:7      | HP: 3/65 [ogre/+0 giant club (21)]
  5391 | D:7      | Found Paonn's Practical Paraphernalia.
  5405 | D:7      | Found a stormy altar of Qazlal.
  5464 | D:7      | Found Papush's Antique Weapon Shop.
  5783 | D:7      | Mangled by a crocodile

Skill      XL: |  1  2  3  4  5  6  7  8  9 |
---------------+----------------------------+-----
Conjurations   | 2 3 4 |  4.0
Spellcasting   | 5 6 |  6.5
Fighting       | 1 2 3 4 |  4.0
Short Blades   | 1 2 3 4 |  4.0
Long Blades    | 1 2 3 4 |  4.0
Axes           | 1 2 3 4 |  4.0
Maces & Flails | 1 2 3 4 |  4.0
Polearms       | 1 2 3 4 |  4.0
Staves         | 1 2 3 4 |  4.0
Slings         | 1 2 3 4 |  4.0
Bows           | 1 2 3 4 |  4.0
Crossbows      | 1 2 3 4 |  4.0
Throwing       | 1 2 3 4 |  4.0
Armour         | 1 2 3 4 |  4.0
Shields        | 1 2 3 4 |  4.0
Unarmed Combat | 1 2 3 4 |  4.0
Invocations    | 1 2 3 4 |  4.4
Evocations     | 1 2 3 4 |  4.0
Hexes          | 1 2 3 |  3.3
Charms         | 1 2 3 |  3.3
Summonings     | 1 2 3 |  3.3
Necromancy     | 1 2 3 |  3.3
Translocations | 1 2 3 |  3.3
Transmutations | 1 2 3 |  3.3
Fire Magic     | 1 2 3 |  3.3
Air Magic      | 1 2 3 |  3.3
Earth Magic    | 1 2 3 |  3.3
Poison Magic   | 1 2 3 |  3.3
Dodging        | 5 6 |  6.1
Stealth        | 5 6 |  6.1
Ice Magic      | 6 |  6.4

Action                   |  1- 3 |  4- 6 |  7- 9 || total
-------------------------+-------+-------+-------++-------
Melee: Unarmed           |     3 |       |       ||     3
       Mace              |    19 |    63 |       ||    82
       Bite              |     3 |     6 |    33 ||    42
       Flail             |       |    40 |   216 ||   256
       Punch             |       |     1 |     4 ||     5
 Cast: Freeze            |    28 |    31 |       ||    59
  Use: Scroll            |       |     3 |       ||     3
       Potion            |       |     3 |     1 ||     4
 Stab: Sleeping          |       |     8 |     4 ||    12
       Distracted        |       |       |     2 ||     2
  Eat: Chunk             |       |     7 |     7 ||    14
       Ration            |       |     1 |     3 ||     4
Armor: Robe              |    11 |    31 |    64 ||   106
Dodge: Dodged            |    27 |   119 |   202 ||   348
